Map: Whispers of Gold

Players

Ryu - Winner!

  • Race: Protoss Protoss
  • League: Platinum
  • Spawn Location: 9:00

벌꿀오소리

  • Race: Terran Terran
  • League: Platinum
  • Spawn Location: 5:00

VOD

Have the link to the VOD?

Description

Time

  • Played on: April 22, 2025, 8:49 a.m.
  • Length: 7:52
Show
View Real Time Build Order
Export as new Build Order

Ryu Protoss - Winner!

Build Orders: 1 Gate Expand, Oracle Opening 

Get SALT Encoding   

  12  0:00  Probe  
  13  0:12  Probe  
  14  0:17  Pylon  
  14  0:24  Probe  
  15  0:36  Probe  
  15  0:39  Gateway  
  16  0:45  Probe  
  16  0:48  Assimilator  
  17  0:54  Probe  
  18  1:04  Probe  
  19  1:16  Probe  
  20  1:29  Cybernetics Core  
  20  1:39  Nexus  
  20  1:44  Probe  
  21  1:50  Pylon  
  21  1:56  Probe, Stalker  
  21  2:00  Assimilator  
  22  2:12  Probe  
  25  2:29  Stargate  
  25  2:35  Probe  
  25  2:37  Warp Gate  
  26  2:43  Stalker  
  26  2:48  Probe  
  29  2:55  Probe  
  30  2:59  Probe  
  30  3:04  Probe  
  30  3:08  Probe  
  32  3:12  Probe  
  32  3:16  Probe, Adept  
  32  3:18  Oracle  
  35  3:25  Probe  
  35  3:26  Probe  
  41  3:40  Probe x2  
  41  3:45  Gateway  
  41  3:46  Gateway  
  41  3:52  Probe, Oracle  
  41  3:53  Probe  
  46  4:25  Nexus  
  46  4:26  Pylon  
  46  4:27  Pylon  
  46  4:29  Assimilator  
  46  4:30  Pylon  
  46  4:32  Assimilator  
  46  4:38  Twilight Council  
  46  4:40  Robotics Facility  
  46  4:44  Probe x2  
  48  4:50  Zealot x2  
  52  4:56  Probe x2  
  54  5:09  Probe x2  
  56  5:18  Stalker  
  56  5:19  Stalker x2  
  56  5:21  Probe  
  54  5:36  Probe x2  
  54  5:40  Probe  
  54  5:41  Warp Prism  
  59  5:46  Probe  
  59  5:47  Stalker  
  59  5:48  Probe, Stalker  
  59  5:49  Probe, Pylon  
  64  5:50  Blink  
  64  5:54  Probe  
  64  5:56  Probe, Stalker  
  68  5:57  Probe  
  68  6:02  Probe  
  71  6:06  Probe x2  
  71  6:10  Assimilator  
  74  6:14  Probe, Assimilator  
  74  6:16  Pylon  
  75  6:20  Probe x2  
  65  6:47  Stalker x2  
  65  6:48  Stalker  
  65  6:50  Immortal  
  65  6:51  Probe x3  
  78  7:00  Pylon  
  78  7:04  Gateway  
  78  7:06  Gateway  
  78  7:07  Probe x3  
  81  7:09  Gateway  
  81  7:11  Gateway  
  81  7:16  Robotics Facility  
  81  7:19  Probe  
  81  7:21  Robotics Bay  
  82  7:23  Gateway  
  82  7:24  Gateway  
  82  7:28  Gateway, Pylon  
  86  7:37  Stalker x2  
  86  7:38  Sentry  
Show
View Real Time Build Order
Export as new Build Order

벌꿀오소리 Terran 

Build Orders:  

Get SALT Encoding   

  12  0:00  SCV  
  13  0:12  SCV  
  14  0:17  Supply Depot  
  14  0:24  SCV  
  15  0:39  SCV  
  15  0:42  Barracks  
  16  0:51  SCV  
  16  0:52  Refinery  
  17  1:03  SCV  
  18  1:09  Barracks  
  18  1:15  SCV  
  19  1:27  SCV  
  19  1:32  Supply Depot  
  20  1:38  Barracks Reactor  
  21  1:40  SCV  
  21  1:50  Supply Depot  
  21  1:52  SCV  
  22  1:59  Reaper  
  23  2:04  Refinery, Orbital Command  
  23  2:15  Reaper  
  24  2:32  Reaper  
  25  2:43  SCV  
  26  2:55  Command Center  
  26  2:57  Reaper  
  26  2:58  Reaper  
  28  3:05  SCV  
  29  3:16  Reaper  
  29  3:17  SCV  
  31  3:29  SCV, Reaper  
  31  3:33  Reaper  
  35  3:41  SCV  
  35  3:48  Reaper  
  35  3:53  SCV  
  37  4:01  Reaper  
  37  4:05  SCV  
  37  4:09  Reaper  
  37  4:11  SCV  
  37  4:13  Engineering Bay  
  38  4:17  SCV  
  38  4:23  SCV, Reaper  
  41  4:29  SCV  
  41  4:30  Refinery x2  
  42  4:33  Reaper  
  44  4:40  Supply Depot  
  44  4:41  SCV, Supply Depot  
  44  4:42  Orbital Command  
  44  4:45  Bunker  
  44  4:47  Missile Turret  
  44  4:50  Missile Turret  
  44  4:54  SCV  
  44  4:59  Missile Turret  
  44  5:06  SCV  
  42  5:18  SCV  
  41  5:30  SCV  
  41  5:32  SCV  
  41  5:42  SCV  
  42  5:44  SCV  
  42  5:48  Missile Turret  
  42  5:49  Command Center  
  43  5:54  SCV  
  43  5:56  SCV  
  45  6:02  Factory x2  
  45  6:06  SCV  
  45  6:08  SCV  
  47  6:13  Factory  
  47  6:15  Factory  
  47  6:18  SCV  
  47  6:20  SCV  
  48  6:30  SCV  
  48  6:32  SCV  
  50  6:42  SCV  
  50  6:44  SCV  
  49  6:47  Factory Tech Lab  
  49  6:48  Factory Tech Lab  
  49  6:51  Armory  
  49  6:52  Armory  
  49  6:54  Supply Depot  
  49  6:55  SCV, Supply Depot  
  49  6:56  SCV  
  51  7:01  Planetary Fortress  
  51  7:04  Missile Turret  
  51  7:07  SCV  
  52  7:09  SCV  
  52  7:11  Factory Reactor x2  
  53  7:19  SCV  
  53  7:21  SCV  
  55  7:23  Refinery  
  55  7:25  Refinery  
  55  7:31  SCV  
  55  7:33  SCV  
  63  7:40  Starport  
  63  7:42  Starport  
Tags
 
Add a new tag
Caveats
  • Supply blocks, unpowered buildings, or Contaminate may cause inaccurate times.
  • Supply counts are checked every 10 seconds.